Map: Polka LE

Players

qqq

  • Race: Zerg Zerg
  • Spawn Location: 11:00

Massa

  • Race: Terran Terran
  • League: Platinum
  • Spawn Location: 11:00

ASPNETCore - Winner!

  • Race: Protoss Protoss
  • League: Platinum
  • Spawn Location: 5:00

TheZealot - Winner!

  • Race: Protoss Protoss
  • League: Diamond
  • Spawn Location: 5:00

VOD

Have the link to the VOD?

Description

Time

  • Played on: Oct. 23, 2020, 2:54 p.m.
  • Length: 13:58
Show
View Real Time Build Order
Export as new Build Order

qqq Zerg 

Build Orders: Hatch First, Lurkers 

Get SALT Encoding   

  12  0:00  Drone  
  13  0:09  Drone  
  14  0:35  Hatchery  
  13  0:38  Drone  
  14  0:59  Spawning Pool  
  14  1:03  Overlord  
  13  1:08  Drone  
  14  1:22  Drone x2  
  16  1:26  Extractor, Drone  
  16  1:37  Drone  
  17  1:45  Queen  
  19  1:50  Drone  
  19  1:51  Drone  
  21  2:13  Drone x2  
  23  2:16  Queen  
  23  2:20  Drone  
  26  2:36  Zergling x2  
  26  2:37  Zergling x2  
  28  2:51  Lair  
  28  3:00  Overlord  
  28  3:03  Zergling x2  
  28  3:09  Hatchery  
  28  3:10  Drone  
  28  3:16  Overlord  
  28  3:19  Metabolic Boost  
  28  3:29  Drone  
  28  3:30  Drone x2  
  31  3:36  Extractor  
  31  3:40  Drone x3  
  31  3:41  Drone  
  34  3:48  Drone  
  34  3:49  Overlord  
  35  3:59  Hydralisk Den  
  35  4:02  Spore Crawler  
  33  4:07  Spore Crawler  
  32  4:10  Zergling x4  
  32  4:13  Drone  
  32  4:16  Drone  
  36  4:18  Drone  
  36  4:22  Drone  
  38  4:27  Drone x2  
  40  4:33  Muscular Augments  
  40  4:37  Drone  
  41  4:40  Drone x2  
  41  4:42  Drone  
  44  4:47  Drone x2  
  44  4:52  Spore Crawler  
  45  4:54  Hydralisk  
  47  5:01  Drone, Evolution Chamber  
  47  5:03  Hydralisk  
  47  5:06  Drone  
  50  5:09  Drone  
  50  5:10  Drone  
  50  5:11  Drone  
  53  5:16  Overlord  
  53  5:19  Hydralisk  
  55  5:28  Zerg Missile Weapons Level 1  
  55  5:29  Drone  
  55  5:30  Lurker Den  
  55  5:34  Drone x3, Zergling x2  
  59  5:37  Overlord  
  59  5:43  Drone  
  59  5:44  Drone  
  59  5:45  Grooved Spines  
  59  5:46  Drone  
  59  5:48  Extractor  
  59  5:49  Extractor  
  60  5:50  Drone x2  
  60  5:56  Spore Crawler  
  61  5:58  Drone x3  
  61  5:59  Drone  
  61  6:02  Hydralisk  
  67  6:04  Hydralisk  
  69  6:11  Hydralisk  
  69  6:15  Drone x2  
  69  6:16  Drone  
  74  6:21  Overlord x3  
  74  6:31  Overlord x2  
  74  6:32  Overlord x2  
  74  6:37  Spore Crawler  
  74  6:39  Drone x2  
  75  6:41  Hydralisk x2  
  75  7:01  Hydralisk x2  
  75  7:02  Hydralisk x2  
  83  7:13  Hydralisk x2  
  83  7:14  Hydralisk  
  89  7:16  Drone x3  
  89  7:18  Spore Crawler  
  89  7:20  Drone, Spine Crawler  
  89  7:21  Drone x2, Hydralisk  
  89  7:22  Zerg Ground Armor Level 1  
  93  7:30  Hydralisk x2  
  93  7:32  Overlord  
  97  7:53  Lurker  
  97  7:55  Hydralisk x2, Lurker  
  97  7:57  Drone x6  
  109  8:08  Drone  
  109  8:09  Queen  
  112  8:17  Extractor  
  112  8:18  Extractor, Spore Crawler  
  109  8:22  Drone  
  109  8:23  Hydralisk x3  
  109  8:25  Hatchery  
  109  8:26  Zergling x2  
  116  8:37  Infestation Pit  
  116  8:40  Hatchery, Zergling x6  
  116  8:41  Drone x2  
  119  8:54  Drone  
  120  9:02  Lurker  
  122  9:03  Lurker x2  
  122  9:04  Zergling x4  
  122  9:05  Zergling x6  
  122  9:06  Drone  
  122  9:09  Overlord  
  129  9:13  Lurker x2  
  129  9:15  Hydralisk  
  129  9:16  Drone, Zerg Missile Weapons Level 2  
  134  9:26  Drone  
  134  9:27  Hydralisk  
  137  9:35  Pneumatized Carapace  
  137  9:46  Hydralisk x4  
  137  9:48  Drone x4  
  137  9:52  Hive  
  149  9:56  Drone x2, Hatchery  
  149  9:57  Hatchery  
  149  9:59  Evolution Chamber  
  148  10:17  Hydralisk x2  
  148  10:18  Hydralisk x3  
  158  10:21  Overlord  
  158  10:22  Overlord x5  
  151  10:37  Lurker x2  
  151  10:38  Hydralisk, Lurker x3  
  151  10:42  Hatchery  
  155  10:55  Hydralisk  
  155  10:56  Hydralisk x6  
  167  10:57  Drone  
  167  10:58  Drone x7  
  177  11:09  Seismic Spines  
  172  11:24  Drone x2  
  172  11:25  Drone x5  
  179  11:28  Drone x2  
  179  11:30  Spore Crawler  
  179  11:31  Drone  
  179  11:32  Queen, Spore Crawler  
  180  11:33  Hydralisk, Spore Crawler  
  180  11:34  Spine Crawler, Hydralisk x3  
  188  12:05  Nydus Network  
  188  12:06  Adaptive Talons  
  188  12:08  Queen  
  187  12:13  Lurker  
  187  12:14  Lurker  
  191  12:23  Spore Crawler  
  191  12:25  Drone x3, Spine Crawler x2  
  191  12:26  Drone x6  
  191  12:27  Drone x3  
  200  12:31  Spore Crawler x2  
  200  12:32  Drone x2  
  200  12:59  Spore Crawler  
  200  13:00  Spore Crawler x2  
  200  13:03  Spore Crawler  
  200  13:04  Spore Crawler  
  128  13:42  Ultralisk Cavern  
  128  13:45  Spire  
Show
View Real Time Build Order
Export as new Build Order

Massa Terran 

Build Orders:  

Get SALT Encoding   

  12  0:00  SCV  
  13  0:12  SCV  
  14  0:24  SCV  
  14  0:28  Supply Depot  
  15  0:37  Refinery  
  15  0:49  SCV  
  16  0:51  Barracks  
  16  1:00  Refinery  
  16  1:01  SCV  
  17  1:13  SCV  
  17  1:14  Supply Depot  
  18  1:26  SCV  
  18  1:53  Factory  
  18  1:54  Reaper  
  18  1:57  Supply Depot  
  19  2:06  Orbital Command  
  19  2:26  Marine  
  20  2:40  SCV  
  21  2:52  SCV  
  22  3:00  Hellion  
  22  3:02  Barracks Reactor  
  24  3:21  Hellion  
  26  3:28  Starport  
  26  3:35  Barracks  
  26  3:41  Command Center  
  26  3:43  Hellion, Marine x2  
  26  3:46  Barracks  
  30  3:48  SCV  
  31  4:00  Marine x2  
  31  4:02  SCV  
  34  4:04  Widow Mine  
  36  4:14  SCV  
  37  4:26  Widow Mine  
  33  4:44  SCV  
  34  4:46  Barracks Reactor, Barracks Tech Lab  
  34  4:47  Widow Mine  
  36  4:56  SCV, Engineering Bay  
  36  4:57  Engineering Bay  
  37  5:03  Medivac, Supply Depot  
  35  5:24  Stimpack  
  35  5:25  Marine x2, Supply Depot  
  35  5:27  Orbital Command, Marauder  
  39  5:29  SCV  
  39  5:33  Medivac  
  42  5:37  Missile Turret  
  42  5:42  Missile Turret  
  40  5:43  Marine  
  40  5:46  Missile Turret  
  40  5:48  Marauder  
  43  5:53  SCV x2, Missile Turret  
  45  6:03  Missile Turret  
  45  6:04  Marine x2  
  46  6:05  SCV  
  46  6:09  Marauder  
  50  6:22  Marine x2  
  51  6:33  Factory  
  51  6:40  SCV x2  
  51  6:42  Refinery  
  53  6:48  Factory  
  53  6:50  Refinery  
  53  6:52  SCV x2  
  55  7:04  SCV x2, Combat Shield  
  57  7:16  SCV x2  
  57  7:22  Factory Tech Lab  
  59  7:24  Terran Infantry Weapons Level 1  
  59  7:25  Terran Infantry Armor Level 1  
  59  7:28  SCV  
  59  7:29  SCV  
  61  7:32  Armory  
  61  7:35  Factory Tech Lab  
  50  7:52  Marauder, Marine  
  50  7:53  Marine x3  
  56  8:00  Cyclone  
  59  8:06  Command Center  
  59  8:08  SCV x2  
  59  8:10  Marine x2  
  59  8:11  Marine x2  
  65  8:13  Cyclone, Marauder  
  65  8:19  Mag-Field Accelerator  
  70  8:24  Supply Depot  
  70  8:27  Supply Depot  
  70  8:29  Supply Depot  
  70  8:32  Supply Depot  
  70  8:34  Supply Depot  
  70  8:46  SCV, Marauder, Marine x2, Cyclone  
  78  8:49  Cyclone, Marine x2, SCV  
  84  8:58  SCV  
  84  9:01  SCV  
  86  9:03  Marine x2  
  86  9:07  Marauder, Marine x2  
  92  9:10  SCV  
  92  9:13  SCV  
  94  9:18  Cyclone  
  94  9:21  Cyclone  
  100  9:29  Marauder, Missile Turret  
  100  9:31  Marine  
  102  9:32  Marine  
  104  9:41  Missile Turret  
  104  9:49  SCV, Missile Turret  
  104  9:50  SCV, Marauder, Cyclone  
  111  9:52  Terran Infantry Armor Level 2, Terran Infantry Weapons Level 2  
  111  9:53  Cyclone  
  111  9:59  Drilling Claws  
  114  10:00  Missile Turret  
  114  10:01  SCV  
  114  10:02  SCV  
  114  10:05  Orbital Command  
  116  10:09  Missile Turret  
  116  10:12  Marauder  
  116  10:14  SCV x2  
  120  10:21  Missile Turret  
  120  10:22  Siege Tank  
  120  10:26  SCV x2  
  125  10:41  SCV  
  123  10:47  Siege Tank  
  123  11:08  SCV  
  123  11:09  SCV  
  125  11:20  Supply Depot  
  125  11:21  Supply Depot  
  125  11:22  Supply Depot  
  125  11:23  Supply Depot x2  
  125  11:24  Starport Reactor  
  125  11:25  Supply Depot  
  125  11:30  Concussive Shells  
  125  11:42  SCV x3, Marine x5, Thor  
  125  11:43  Thor  
  125  11:45  Supply Depot  
  145  11:47  Supply Depot  
  145  11:48  Supply Depot  
  142  11:54  SCV x3  
  142  11:59  Marine x5  
  144  12:06  SCV  
  145  12:12  Factory  
  145  12:17  Marine x5  
  145  12:18  Factory  
  145  12:19  Barracks  
  145  12:20  Refinery  
  145  12:22  Refinery  
  150  12:25  Command Center  
  150  12:26  Thor  
  150  12:28  Missile Turret  
  150  12:29  Missile Turret  
  156  12:30  Missile Turret  
  156  12:35  Marine x4  
  156  12:36  Marauder  
  162  12:41  Thor  
  168  12:50  Missile Turret  
  168  12:52  Missile Turret  
  168  12:53  Marine x4  
  168  12:54  Armory  
  168  12:57  Marauder  
  174  13:09  Thor  
  180  13:18  Marine  
  117  13:34  Factory Tech Lab x2  
  97  13:56  Barracks Reactor  
Show
View Real Time Build Order
Export as new Build Order

ASPNETCore Protoss - Winner!

Build Orders: 1 Gate Expand 

Get SALT Encoding   

  12  0:04  Probe  
  13  0:16  Probe  
  13  0:19  Pylon  
  14  0:28  Probe  
  15  0:39  Gateway  
  15  0:42  Probe (Chrono Boost)  
  16  0:52  Assimilator  
  16  0:54  Probe (Chrono Boost)  
  17  1:17  Probe  
  18  1:29  Probe, Cybernetics Core  
  19  1:40  Nexus  
  19  1:45  Probe (Chrono Boost)  
  20  1:52  Assimilator  
  20  1:58  Probe (Chrono Boost)  
  21  2:04  Pylon  
  21  2:05  Probe  
  22  2:19  Probe  
  23  2:27  Stalker  
  23  2:28  Warp Gate  
  24  2:31  Probe  
  25  2:41  Robotics Facility  
  25  2:43  Probe  
  26  2:53  Gateway  
  26  3:00  Stalker  
  26  3:04  Probe (Chrono Boost)  
  30  3:09  Probe (Chrono Boost)  
  30  3:15  Probe (Chrono Boost)  
  30  3:19  Probe (Chrono Boost)  
  32  3:20  Probe (Chrono Boost)  
  32  3:24  Pylon  
  33  3:29  Probe  
  33  3:31  Probe  
  33  3:32  Sentry  
  37  3:41  Probe  
  38  3:42  Stalker  
  38  3:43  Probe  
  41  3:51  Immortal (Chrono Boost)  
  41  3:53  Probe  
  41  3:55  Probe  
  47  4:05  Probe  
  47  4:07  Probe  
  49  4:12  Pylon  
  49  4:17  Probe  
  49  4:19  Probe  
  51  4:29  Probe  
  52  4:33  Probe  
  48  4:40  Immortal (Chrono Boost)  
  48  4:41  Probe  
  54  4:45  Probe  
  54  4:50  Shield Battery  
  54  4:53  Probe  
  54  4:57  Probe  
  56  5:05  Probe  
  57  5:09  Probe  
  57  5:10  Observer (Chrono Boost)  
  57  5:11  Shield Battery  
  59  5:18  Stalker  
  59  5:20  Observer  
  61  5:33  Pylon  
  61  5:34  Assimilator  
  61  5:40  Assimilator  
  61  5:55  Gateway  
  61  5:56  Stalker x2  
  65  5:58  Gateway  
  65  6:02  Gateway  
  65  6:11  Nexus  
  65  6:14  Pylon  
  65  6:35  Probe  
  66  6:40  Pylon  
  66  6:43  Gateway  
  66  6:44  Gateway  
  66  6:47  Twilight Council  
  62  7:08  Stalker x5  
  64  7:11  Immortal  
  68  7:31  Stalker x4  
  68  7:32  Stalker  
  66  7:50  Immortal  
  70  7:57  Templar Archives  
  70  7:58  Blink (Chrono Boost)  
  70  7:59  Gateway  
  70  8:02  Gateway  
  70  8:07  Probe, Pylon  
  70  8:08  Robotics Bay  
  70  8:10  Probe  
  70  8:12  Probe  
  73  8:15  Assimilator  
  73  8:16  Assimilator  
  73  8:19  Probe, Pylon  
  74  8:27  Shield Battery  
  74  8:28  Shield Battery  
  74  8:35  Forge  
  74  8:36  Forge  
  74  8:37  Psionic Storm  
  74  8:40  Probe  
  74  8:41  Probe x2  
  77  8:49  High Templar x4  
  77  8:53  Probe x3  
  88  9:01  Protoss Ground Weapons Level 1 (Chrono Boost)  
  88  9:02  Protoss Ground Armor Level 1 (Chrono Boost)  
  88  9:05  Probe  
  90  9:10  Probe x2  
  91  9:17  Probe  
  91  9:23  Photon Cannon  
  92  9:26  Pylon  
  92  9:31  Photon Cannon  
  92  9:33  Photon Cannon  
  92  9:36  Photon Cannon x2  
  92  9:40  Photon Cannon, Stalker x2  
  96  9:54  Colossus  
  96  9:58  Zealot x4  
  110  10:00  Charge (Chrono Boost)  
  110  10:04  Extended Thermal Lance (Chrono Boost)  
  110  10:39  Stalker x4  
  108  10:59  Zealot x3  
  108  11:03  Colossus  
  116  11:15  Nexus  
  116  11:18  Pylon  
  116  11:20  Pylon, Protoss Ground Armor Level 2 (Chrono Boost), Stalker x4  
  116  11:21  Protoss Ground Weapons Level 2 (Chrono Boost)  
  116  11:23  Assimilator  
  124  11:28  Assimilator  
  124  11:38  Gateway  
  124  11:39  Gateway  
  124  11:41  Gateway  
  124  11:45  Photon Cannon  
  124  11:46  Photon Cannon  
  124  11:48  Photon Cannon  
  124  11:52  Photon Cannon  
  118  12:04  Stalker x4  
  118  12:08  Probe x3  
  129  12:15  Colossus  
  129  12:20  Probe  
  136  12:30  Probe  
  136  12:31  Probe x2  
  136  12:32  Probe  
  136  12:35  Stalker x3  
  146  12:43  Probe x2  
  102  13:41  Stalker  
  102  13:42  Stalker x9  
  102  13:43  Stalker x2  
Show
View Real Time Build Order
Export as new Build Order

TheZealot Protoss - Winner!

Build Orders: 1 Gate Expand, Carriers 

Get SALT Encoding   

  12  0:01  Probe  
  13  0:13  Probe  
  14  0:21  Pylon  
  14  0:25  Probe  
  15  0:39  Probe (Chrono Boost), Gateway  
  17  0:50  Probe (Chrono Boost), Assimilator  
  17  0:55  Probe (Chrono Boost)  
  18  1:05  Probe  
  19  1:17  Probe  
  20  1:30  Nexus  
  20  1:54  Probe (Chrono Boost)  
  20  1:56  Cybernetics Core  
  20  1:57  Assimilator  
  21  2:05  Probe (Chrono Boost)  
  22  2:10  Probe (Chrono Boost)  
  23  2:31  Pylon  
  23  2:37  Warp Gate  
  23  2:40  Pylon  
  23  2:42  Probe (Chrono Boost), Adept (Chrono Boost)  
  23  2:43  Stargate  
  27  2:53  Probe (Chrono Boost)  
  27  2:54  Probe (Chrono Boost)  
  28  3:01  Probe (Chrono Boost)  
  28  3:04  Probe  
  28  3:05  Pylon, Adept  
  31  3:12  Probe  
  33  3:16  Probe  
  33  3:17  Void Ray (Chrono Boost)  
  38  3:27  Probe  
  38  3:28  Probe  
  38  3:32  Assimilator  
  38  3:33  Assimilator  
  40  3:37  Adept  
  40  3:39  Probe  
  40  3:40  Probe  
  44  3:47  Shield Battery  
  44  3:48  Void Ray  
  44  3:51  Probe (Chrono Boost)  
  44  3:53  Probe (Chrono Boost)  
  50  4:04  Probe (Chrono Boost)  
  52  4:10  Probe (Chrono Boost)  
  52  4:12  Probe (Chrono Boost)  
  52  4:14  Stargate  
  47  4:21  Probe (Chrono Boost)  
  47  4:23  Probe (Chrono Boost)  
  45  4:27  Void Ray  
  45  4:33  Probe (Chrono Boost)  
  45  4:37  Probe (Chrono Boost)  
  51  4:38  Probe (Chrono Boost)  
  53  4:47  Probe (Chrono Boost)  
  53  4:49  Probe (Chrono Boost)  
  54  4:53  Void Ray  
  59  5:00  Probe (Chrono Boost)  
  58  5:20  Probe x2  
  60  5:32  Pylon  
  60  5:33  Pylon  
  60  5:36  Probe  
  61  5:44  Void Ray  
  61  5:45  Void Ray  
  61  5:48  Probe  
  62  5:50  Probe  
  62  5:56  Gateway  
  71  6:00  Pylon  
  71  6:07  Probe x2  
  73  6:22  Void Ray  
  73  6:27  Nexus  
  77  6:33  Pylon  
  77  6:34  Probe x2  
  77  6:38  Fleet Beacon  
  79  6:46  Probe  
  79  6:47  Probe  
  81  6:59  Probe  
  82  7:04  Probe (Chrono Boost)  
  83  7:09  Stargate  
  83  7:11  Probe (Chrono Boost)  
  85  7:16  Probe (Chrono Boost)  
  85  7:21  Probe (Chrono Boost)  
  86  7:28  Protoss Air Weapons Level 1 (Chrono Boost)  
  86  7:32  Shield Battery  
  86  7:33  Carrier, Shield Battery  
  86  7:35  Shield Battery  
  86  7:36  Shield Battery  
  92  7:37  Shield Battery  
  92  7:39  Carrier  
  98  7:47  Probe x3  
  101  7:56  Carrier  
  107  7:59  Probe x2  
  109  8:07  Forge  
  109  8:08  Pylon  
  109  8:20  Pylon  
  109  8:22  Pylon  
  109  8:24  Pylon x2  
  109  8:26  Probe x3, Pylon  
  112  8:32  Twilight Council  
  112  8:38  Probe x3  
  115  8:42  Robotics Facility  
  115  8:45  Carrier  
  121  8:49  Carrier  
  127  8:58  Probe x2  
  127  8:59  Probe  
  130  9:03  Photon Cannon  
  130  9:06  Shield Battery  
  130  9:10  Probe x2  
  130  9:11  Probe, Carrier  
  139  9:19  Assimilator  
  139  9:23  Assimilator  
  139  9:25  Templar Archives  
  139  9:27  Probe x2, Pylon  
  139  9:30  Probe  
  142  9:34  Protoss Air Weapons Level 2 (Chrono Boost)  
  142  9:39  Probe x2  
  144  9:46  Protoss Shields Level 1, Pylon x2  
  144  9:50  Carrier  
  150  9:54  Probe x3  
  153  10:06  Probe  
  154  10:16  Carrier  
  160  10:38  Pylon  
  160  10:51  Observer  
  160  10:56  Photon Cannon  
  161  10:57  Photon Cannon  
  161  10:59  Photon Cannon, Pylon  
  161  11:01  Photon Cannon  
  161  11:03  Photon Cannon  
  161  11:13  Observer  
  162  11:20  Probe  
  162  11:23  Shield Battery  
  162  11:25  Carrier x3  
  181  11:26  Shield Battery  
  181  11:28  Shield Battery  
  181  11:32  Pylon  
  181  11:33  Shield Battery, Pylon  
  181  11:34  Shield Battery  
  181  11:36  Shield Battery  
  181  11:43  Shield Battery x2  
  181  11:51  Gateway  
  181  11:53  Gateway  
  181  11:58  Gateway  
  181  12:02  Gateway x2  
  181  12:05  Nexus  
  181  12:08  Pylon, Nexus  
  181  12:10  Pylon  
  181  12:11  Pylon x2  
  181  12:20  Stargate  
  181  12:29  Carrier  
  187  12:32  Carrier  
  193  12:49  Observer  
  193  12:51  Photon Cannon, Pylon  
  193  12:53  Photon Cannon  
  193  12:54  Photon Cannon  
  193  12:56  Pylon  
  193  12:57  Observer  
  191  13:13  Observer  
  191  13:25  Observer  
Tags
 
Add a new tag
Caveats
  • Supply blocks, unpowered buildings, or Contaminate may cause inaccurate times.
  • Supply counts are checked every 10 seconds.